 Dungeon Crawl Stone Soup version 0.21.0-3-g78d12a8bdd (webtiles) character file.

133 i1guy the Ruffian (level 4, 0/35 HPs)
             Began as a Draconian Transmuter on Jan 16, 2018.
             Slain by a worm (7 damage)
             ... on level 3 of the Dungeon.
             The game lasted 01:01:30 (3029 turns).

i1guy the Ruffian (Draconian Transmuter)            Turns: 3029, Time: 01:01:30

Health: 0/35       AC:  5    Str: 13    XL:     4   Next: 94%
Magic:  3/7        EV: 12    Int: 13    God:
Gold:   88         SH:  0    Dex: 12    Spells: 4/7 levels left

rFire    . . .     SeeInvis .     - Unarmed
rCold    . . .     Gourm    .   (no shield)
rNeg     . . .     Faith    .   (armour unavailable)
rPois    .         Spirit   .   (helmet restricted)
rElec    .         Reflect  .   (no cloak)
rCorr    .         Harm     .   (no gloves)
MR       .....                  (no boots)
Stlth    ++........             (no amulet)
HPRegen  0.11/turn              (no ring)
MPRegen  0.10/turn              (no ring)

@: about to teleport, very slightly contaminated
A: unfitting armour, cold-blooded, AC +5
a: no special abilities


You were on level 3 of the Dungeon.
You were not hungry.

You visited 1 branch of the dungeon, and saw 3 of its levels.

You collected 88 gold pieces.

Inventory:

Hand Weapons
 d - a +0 dagger
 h - a +0 club
 j - a +0 club
 k - a +0 dagger
 l - a +0 dagger
 m - a +0 club
 n - a +0 short sword
 p - a +0 hunting sling
 r - a +0 dagger
 t - a +0 falchion
 u - a +0 whip
 v - a +0 dagger
 w - a +0 mace
Missiles
 a - 62 arrows
 f - 53 stones (quivered)
 i - 54 sling bullets
 q - 40 bolts
 x - 4 large rocks
Armour
 e - a +0 scale mail of fire resistance
 o - a +0 ring mail
 s - a +0 robe
Scrolls
 g - 3 scrolls of random uselessness
 B - 2 scrolls of remove curse {unknown}
 D - a scroll of identify
Potions
 z - a potion of brilliance
 A - 2 potions of curing {unknown}
 C - a potion of ambrosia {unknown}
Books
 b - a book of Changes

   Spells                             Type                      Level
   a - Beastly Appendage              Transmutation                1
   b - Sticks to Snakes               Transmutation                2
   c - Spider Form                    Transmutation/Poison         3
   d - Ice Form                       Ice/Transmutation            4
   e - Blade Hands                    Transmutation                5
Comestibles
 c - 4 rations


   Skills:
 + Level 1.4 Fighting
 + Level 2.4 Dodging
 + Level 1.2 Stealth
 + Level 4.4 Unarmed Combat
 + Level 2.4 Spellcasting
 + Level 2.4 Transmutations


You had 4 spell levels left.
You knew the following spells:

 Your Spells              Type           Power        Failure   Level  Hunger
a - Beastly Appendage     Tmut           #.....       9%          1    #......
b - Sticks to Snakes      Tmut           #.......     14%         2    ###....


Dungeon Overview and Level Annotations

Branches:
Dungeon (3/15)

Altars:


Innate Abilities, Weirdness & Mutations

Your plain brown scales are hard. (AC +5)
You cannot fit into any form of body armour.
You are cold-blooded and may be slowed by cold attacks.


Message History

Found 8 gold pieces.
Throwing (i - inventory):
f - 53 stones (quivered)
Press: ? - help, Shift-Dir - straight line, f/p - worm
Aim: a worm (moderately wounded, constricted by your ball python) Really fire in your ball python's direction?
Okay, then.
Your ball python bites the worm but does no damage.
Your ball python constricts the worm.
Your ball python bites the worm.
Your ball python constricts the worm.
The worm bites your ball python!
Your ball python dies!
Casting: Sticks to Snakes
Confirm with . or Enter, or press ? or * to list all spells.
You miscast Sticks to Snakes.
You are very lightly contaminated with residual magic.
Nothing appears to happen.
As you read the scroll of teleportation, it crumbles to dust.
You feel strangely unstable. The worm bites you!
You die...

#.# $# ### #.##.# .#
. # #.. #.##.#
##.##..##..##.#
#.##.# .....
<........ #.##.# ...
......... #.##.#
##.####.######...
##.##.#####.......#
#.#.
##.........@..######
...#.
#......###.w..#
#.#### #.######
#.#### #. #. #.# #.#
# #. #.# #.# #....
#.# #.# #.## ###.#
#.# #.# #...# #.#
#.# #...# ..# #.###


You could see a worm.

Vanquished Creatures
  Jessica (D:2)
  4 adders
  A worm (D:3)
  A dart slug (D:1)
  4 leopard geckos
  7 giant cockroaches
  11 goblins
  7 hobgoblins
  A ball python (D:1)
  9 bats
  2 frilled lizards (D:1)
  6 kobolds
  3 rats
57 creatures vanquished.

Vanquished Creatures (collateral kills)
  A goblin (D:3)
  A hobgoblin (D:2)
  A frilled lizard (D:2)
3 creatures vanquished.

Grand Total: 60 creatures vanquished

Notes
Turn   | Place    | Note
-------+----------+-------------------------------------------
     0 | D:1      | i1guy the Draconian Transmuter began the quest for the Orb.
     0 | D:1      | Reached XP level 1. HP: 16/16 MP: 3/3
   183 | D:1      | Reached XP level 2. HP: 15/23 MP: 5/5
   868 | D:1      | Reached XP level 3. HP: 16/28 MP: 6/6
  1463 | D:2      | Noticed Jessica
  1492 | D:2      | Killed Jessica
  1492 | D:2      | Reached skill level 1 in Stealth
  1492 | D:2      | Reached skill level 4 in Unarmed Combat
  1492 | D:2      | Reached XP level 4. HP: 6/35 MP: 7/7
  1520 | D:2      | Learned a level 2 spell: Sticks to Snakes
  1588 | D:2      | HP: 1/35 [adder (3)]
  1594 | D:2      | HP: 1/35 [adder (1)]
  3029 | D:3      | Slain by a worm

Skill      XL: |  1  2  3 |
---------------+----------+-----
Dodging        | 2 |  2.4
Stealth        | 1 |  1.2
Unarmed Combat | 4 |  4.4
Fighting       | |  1.4
Spellcasting   | |  2.4
Transmutations | |  2.4

Action                   |  1- 3 |  4- 6 || total
-------------------------+-------+-------++-------
Melee: Unarmed           |   133 |   132 ||   265
       Tailslap          |    11 |    14 ||    25
       Dagger            |     7 |       ||     7
       Punch             |       |     2 ||     2
       Headbutt          |       |     1 ||     1
Throw: Stone             |    15 |       ||    15
 Cast: Beastly Appendage |     4 |     2 ||     6
       Sticks to Snakes  |       |     6 ||     6
  Use: Scroll            |     5 |     1 ||     6
       Potion            |     3 |       ||     3
 Stab: Sleeping          |     3 |       ||     3
  Eat: Chunk             |     1 |     3 ||     4
       Ration            |     1 |       ||     1
Armor: Skin              |    56 |    22 ||    78
Dodge: Dodged            |   111 |    65 ||   176
